Map: Overgrowth LE (Void)

Players

schustm

  • Race: Protoss Protoss
  • League: Gold
  • Spawn Location: 7:00

Anguish - Winner!

  • Race: Protoss Protoss
  • League: Silver
  • Spawn Location: 1:00

VOD

https://youtu.be/Bpih8foDaAU

Description

Stalker Backdoor Blink

Time

  • Played on: Dec. 11, 2016, 11:08 a.m.
  • Length: 6:19
Show
View Real Time Build Order
Export as new Build Order

schustm Protoss 

Build Orders:  

Get SALT Encoding   

  12  0:06  Probe (Chrono Boost)  
  13  0:16  Probe (Chrono Boost)  
  14  0:24  Pylon  
  14  0:28  Probe (Chrono Boost)  
  15  0:42  Probe (Chrono Boost)  
  16  0:44  Gateway  
  16  0:55  Assimilator  
  16  0:58  Probe (Chrono Boost)  
  17  1:08  Probe (Chrono Boost)  
  18  1:25  Pylon  
  18  1:28  Probe (Chrono Boost)  
  19  1:33  Cybernetics Core  
  19  1:38  Probe (Chrono Boost)  
  20  1:43  Assimilator  
  20  1:49  Probe (Chrono Boost)  
  21  2:00  Probe (Chrono Boost), Pylon  
  22  2:09  Stalker (Chrono Boost)  
  22  2:14  Mothership Core  
  26  2:30  Nexus  
  26  2:35  Gateway  
  26  2:45  Pylon  
  26  2:49  Probe  
  27  2:52  Stalker (Chrono Boost)  
  27  2:56  Warp Gate (Chrono Boost)  
  29  3:11  Gateway  
  29  3:13  Probe  
  30  3:25  Probe  
  31  3:33  Stalker x2  
  35  3:44  Probe  
  35  3:45  Probe  
  37  3:54  Probe  
  37  3:56  Pylon  
  37  3:57  Probe  
  39  4:04  Gateway  
  39  4:06  Gateway  
  39  4:12  Probe  
  39  4:14  Probe  
  41  4:21  Assimilator  
  41  4:23  Probe  
  41  4:26  Probe  
  41  4:27  Pylon  
  43  4:33  Probe  
  43  4:38  Probe  
  45  4:47  Pylon  
  45  4:53  Pylon  
  45  5:00  Forge  
  45  5:01  Forge  
  45  5:02  Assimilator  
  45  5:06  Stalker x2  
  49  5:11  Sentry  
  49  5:12  Sentry  
  53  5:18  Stalker  
  53  5:32  Stalker  
  53  5:33  Stalker  
  47  5:39  Stalker  
  47  5:40  Stalker  
  47  5:42  Mothership Core  
  45  5:46  Stalker  
  36  5:57  Stalker x2  
  33  6:10  Stalker  
  33  6:11  Stalker  
Show
View Real Time Build Order
Export as new Build Order

Anguish Protoss - Winner!

Build Orders: Blink Stalkers 

Get SALT Encoding   

  12  0:01  Probe (Chrono Boost)  
  13  0:11  Probe (Chrono Boost)  
  14  0:20  Pylon  
  14  0:24  Probe (Chrono Boost)  
  15  0:38  Probe (Chrono Boost)  
  15  0:40  Gateway  
  16  0:44  Assimilator  
  16  0:52  Probe (Chrono Boost)  
  17  0:58  Gateway  
  17  1:05  Assimilator  
  17  1:06  Probe (Chrono Boost)  
  18  1:17  Probe (Chrono Boost)  
  19  1:27  Probe (Chrono Boost)  
  19  1:29  Cybernetics Core  
  20  1:38  Probe (Chrono Boost)  
  21  1:42  Gateway  
  21  1:48  Probe (Chrono Boost)  
  21  1:53  Pylon  
  22  1:59  Probe (Chrono Boost)  
  23  2:11  Mothership Core (Chrono Boost)  
  25  2:17  Warp Gate  
  25  2:26  Twilight Council  
  25  2:36  Stalker  
  25  2:37  Stalker  
  29  2:41  Stalker  
  31  2:57  Pylon  
  31  3:10  Pylon, Blink (Chrono Boost)  
  31  3:24  Gateway  
  31  3:25  Gateway  
  31  3:32  Pylon  
  31  4:36  Stalker x3  
  31  4:37  Stalker x2  
  41  4:59  Stalker x2  
  45  5:00  Stalker x3  
  47  5:40  Stalker x5  
Tags
 
Composition
Blink Stalkers
Matchup
PvP
Spawn Locations
Cross Positions
Add a new tag
Caveats
  • Supply blocks, unpowered buildings, or Contaminate may cause inaccurate times.
  • Supply counts are checked every 10 seconds.